 Dungeon Crawl Stone Soup version 0.28-a0-1632-g283549b12f (webtiles) character file.

Game seed: 14594287510344737266

31 emsyzz the Firebug (level 3, -8/20 HPs)
             Began as a Deep Elf Fire Elementalist on Jan 24, 2022.
             Blown up by Ijyb (10 damage)
             ... with a mindburst bolt
             ... on level 3 of the Dungeon on Jan 25, 2022.
             The game lasted 00:07:05 (1639 turns).

emsyzz the Firebug (Deep Elf Fire Elementalist)     Turns: 1639, Time: 00:07:06

Health: -8/20      AC:  2    Str:  5    XL:     3   Next: 7%
Magic:  10/10      EV: 13    Int: 21    God:
Gold:   61         SH:  0    Dex: 15    Spells: 6/9 levels left

rFire   . . .      SeeInvis .   h - +1 short sword (drain)
rCold   . . .      Faith    .   (no shield)
rNeg    . . .      Spirit   .   a - +0 robe
rPois   .          Reflect  .   (no helmet)
rElec   .          Harm     .   (no cloak)
rCorr   .          Rampage  .   (no gloves)
Will    .....                   (no boots)
Stlth   ++........              (no amulet)
HPRegen 0.06/turn               (no ring)
MPRegen 0.12/turn               (no ring)

@: no status effects
A: no striking features
a: no special abilities


You were on level 3 of the Dungeon.
You visited 1 branch of the dungeon, and saw 3 of its levels.

You collected 61 gold pieces.

Inventory:

Hand Weapons
 h - a +1 short sword of draining (weapon)
Armour
 a - a +0 robe (worn)
Scrolls
 d - a scroll of summoning
 f - 2 scrolls of fear {unknown}
 g - a scroll of enchant armour {unknown}
 k - a scroll of immolation {unknown}
Potions
 b - a potion of mutation
 c - a potion of might
 e - a potion of lignification {unknown}
 i - a potion of degeneration {unknown}
 j - 2 potions of brilliance {unknown}


   Skills:
 * Level 0.3 Fighting
 * Level 2.8 Dodging
 - Level 2.4 Stealth
 * Level 3.5 Spellcasting
 + Level 1.2 Conjurations
 * Level 4.0 Fire Magic


You had 6 spell levels left.
You knew the following spells:

 Your Spells              Type           Power      Damage    Failure   Level
a - Foxfire               Conj/Fire      56%        2x1d6     4%          1
w - Scorch                Fire           40%        2d7       3%          2

Your spell library contained the following spells:

 Spells                   Type           Power      Damage    Failure   Level
 Conjure Flame            Conj/Fire      14%        6-21      13%         3
 Inner Flame              Hex/Fire       12%        N/A       17%         3
 Corpse Rot               Necr/Air       6%         N/A       19%         2
 Poisonous Vapours        Pois/Air       6%         N/A       19%         2
 Gell's Gravitas          Tloc           3%         N/A       36%         3
 Lesser Beckoning         Tloc           3%         N/A       36%         3
 Teleport Other           Tloc           3%         N/A       36%         3
 Flame Wave               Conj/Fire      14%        2d6       38%         4
 Dispersal                Tloc           1%         N/A       100%        6


Dungeon Overview and Level Annotations

Branches:
Dungeon (3/15)

Altars:

Annotations:
D:3 Ijyb


Message History

Found 3 poisoned darts.
An endoplasm is nearby!
Casting: Foxfire (safe; 4% risk of failure)
Confirm with . or Enter, or press ? or * to list all spells.
You conjure some foxfire!
The endoplasm quivers.
The foxfire hits the endoplasm.
The endoplasm is heavily wounded.
The foxfire hits the endoplasm.
You kill the endoplasm!
Your Fire Magic skill increases to level 4!
You see here 3 poisoned darts.
You see here 11 stones.
A rat comes into view.
A rat is nearby!
Found a triple sword.
Casting: Foxfire (safe; 4% risk of failure)
Confirm with . or Enter, or press ? or * to list all spells.
You conjure some foxfire!
The foxfire hits the rat.
The rat is moderately wounded.
The foxfire hits the rat.
You kill the rat!
You see here a rat corpse.
Found a stone staircase leading up.
You see here a +0 triple sword.
Found a scroll labelled METONITHUSK.
Found 22 stones.
Ijyb the Twisted Goblin comes into view.
She is wielding a +0 dagger, wearing a +1 leather armour of poison resistance and carrying a wand of mindburst (14).
There is a stone staircase leading up here.
Ijyb shouts!
Ijyb zaps a wand.
Your mind is blasted!
Ouch! That really hurt!
* * * LOW HITPOINT WARNING * * *
You see here a scroll labelled METONITHUSK.
Okay, then.
Okay, then.
Ijyb zaps a wand.
Your mind is blasted!
Ouch! That really hurt!
You die...

# #)# #.# #.#
#.. #.##
##.###..######
..............#
.##.####.###...#
#.##.# #.
#.####<#.#
#.....@.#
#..##..#.# #
#..##.# #.?# #.#
#.(....g..
#...###### ....#
##.### #.


You could see Ijyb.

Vanquished Creatures
  A dart slug (D:2)
  4 ball pythons
  6 endoplasms
  A giant cockroach (D:2)
  2 goblins (D:1)
  2 hobgoblins (D:2)
  3 kobolds (D:1)
  A quokka (D:2)
  A frilled lizard (D:3)
  4 rats
25 creatures vanquished.

Vanquished Creatures (others)
  33 foxfires
33 creatures vanquished.

Grand Total: 58 creatures vanquished

Notes
Turn   | Place    | Note
-------+----------+-------------------------------------------
     0 | D:1      | emsyzz the Deep Elf Fire Elementalist began the quest for
                  | the Orb.
     0 | D:1      | Reached XP level 1. HP: 10/10 MP: 6/6
   187 | D:1      | Reached XP level 2. HP: 16/16 MP: 4/8
   323 | D:1      | Upgraded the game from 0.28-a0-1629-gf728b707aa to
                  | 0.28-a0-1632-g283549b12f
   433 | D:1      | Found a faded altar of an unknown god.
   707 | D:2      | Learned a level 2 spell: Scorch
  1504 | D:3      | Reached XP level 3. HP: 20/20 MP: 7/10
  1544 | D:3      | Reached skill level 4 in Fire Magic
  1632 | D:3      | Noticed Ijyb
  1636 | D:3      | HP: 1/20 [disintegration (19)]
  1639 | D:3      | Blown up by Ijyb

Illustrated notes

Levels and vault maps discovered:
D:1:      dpeg_arrival_houses_and_road, layout_loops_cross,
          hellmonk_ecumenical_altar_leap_of_faith
D:2:      layout_loops_ring
D:3:      layout_loops_ring, uniq_ijyb, uniq_crazy_yiuf_cottage

Skill      XL: |  1  2  3 |
---------------+----------+-----
Fire Magic     | 4 |  4.0
Fighting       | |  0.3
Dodging        | |  2.8
Stealth        | |  2.4
Spellcasting   | |  3.5
Conjurations   | |  1.2

Action                   || total
-------------------------++-------
Melee: Dagger            ||     3
 Cast: Foxfire           ||    18
       Scorch            ||    10
  Use: Scroll            ||     3
 Stab: Sleeping          ||     1

Table legend: (Time is in decaauts)
 A = Elapsed time spent in this place.
 B = Non-inter-level travel time spent in this place.
 C = Inter-level travel time spent in this place.
 D = Time resting spent in this place.
 E = Time spent auto-exploring this place.
 F = Levels seen in this place.
 G = Mean time per level.
                   A        B        C        D        E       F      G
               +--------+--------+--------+--------+--------+-----+--------+
         Total |   1637 |   1547 |     90 |      0 |   1304 |   3 |  545.7 |
       Dungeon |   1637 |   1547 |     90 |      0 |   1304 |   3 |  545.7 |
               +--------+--------+--------+--------+--------+-----+--------+

Top non-repeatable levels by time:
     D:1: 699 daAuts
     D:2: 663 daAuts
     D:3: 273 daAuts
